 Dungeon Crawl Stone Soup version 0.29-a0-286-g41199d4a87 (webtiles) character file.

Game seed: 4711368681452628430

52658 digdongdog the Grappler (level 14, -1/172 HPs)
             Began as a Demonspawn Artificer on Mar 16, 2022.
             Was an Elder of Makhleb.
             Slain by a small abomination (3 damage)
             ... on level 2 of the Abyss.
             The game lasted 00:47:26 (30994 turns).

digdongdog the Grappler (Demonspawn Artificer)     Turns: 30994, Time: 00:47:26

Health: -1/172     AC: 26    Str: 17    XL:     14   Next: 28%
Magic:  22/22      EV:  8    Int: 13    God:    Makhleb [****..]
Gold:   1520       SH: 10    Dex: 21    Spells: 13/13 levels left

rFire   . . .      SeeInvis .     - Unarmed
rCold   . . .      Faith    .   E - +0 buckler
rNeg    . . .      Spirit   .   H - +5 plate armour of the Immovable Orbs {Dex+7}
rPois   +          Reflect  .   d - +0 helmet
rElec   .          Harm     .   N - +1 cloak {rPois}
rCorr   +          Rampage  +   (no gloves)
Will    +....                   k - +0 pair of boots {rampage}
Stlth   ..........              (no amulet)
HPRegen 0.38/turn               x - ring of resist corrosion
MPRegen 0.18/turn               Q - ring of flight

@: berserking (expiring), about to teleport, flying, very quick
A: claws 1, slimy green scales 2, condensation shield, demonic magic 1
a: Renounce Religion, Minor Destruction, Lesser Servant of Makhleb, Major
Destruction


You were on level 2 of the Abyss.
You worshipped Makhleb.
Makhleb was greatly pleased with you.
You visited 3 branches of the dungeon, and saw 20 of its levels.
You visited the Abyss 1 time.

You collected 1520 gold pieces.

Inventory:

Missiles
 B - 2 throwing nets
 D - 49 poisoned darts (quivered)
Armour
 b - a +3 troll leather armour {Snorg}
 d - a +0 helmet (worn)
 k - a +0 pair of boots of rampaging (worn)
 r - a scarf of repulsion
 E - a +0 buckler (worn)
 H - the +5 plate armour of the Immovable Orbs (worn) {Dex+7}
   (You acquired it on level 4 of the Lair of Beasts)

   Dex:       It affects your dexterity (+7).
 L - +0 ice dragon scales
 N - a +1 cloak of poison resistance (worn)
 S - a +0 tower shield
 U - a +1 scale mail of cold resistance
Magical Staves
 s - a staff of poison
Jewellery
 x - a ring of resist corrosion (left claw)
 C - a +4 ring of evasion
 M - a ring of magical power
 Q - a ring of flight (right claw)
 W - a ring of fire
 Z - a +6 ring of strength
Wands
 G - a wand of paralysis (3)
 J - a wand of mindburst (4)
 T - a wand of flame (10)
 X - a wand of polymorph (8)
 Y - a wand of digging (7)
Scrolls
 a - a scroll of holy word {unknown}
 c - 3 scrolls of immolation {unknown}
 f - 4 scrolls of amnesia {unknown}
 h - 8 scrolls of fog
 j - a scroll of blinking
 l - 6 scrolls of identify
 m - 2 scrolls of torment {unknown}
 n - 2 scrolls of silence {unknown}
 p - 4 scrolls of vulnerability {unknown}
 q - 5 scrolls of magic mapping {unknown}
 v - 2 scrolls of enchant armour {unknown}
 y - a scroll of enchant weapon {unknown}
 I - 2 scrolls of noise
 K - 2 scrolls of fear
Potions
 e - 2 potions of berserk rage
 g - 6 potions of haste
 i - a potion of ambrosia {unknown}
 o - 4 potions of brilliance
 u - 5 potions of cancellation
 z - 4 potions of curing
 A - 5 potions of attraction
 F - a potion of flight {unknown}
 O - a potion of might {unknown}
 P - a potion of magic
 V - 2 potions of resistance
Miscellaneous
 R - a box of beasts (inert)


   Skills:
 + Level 12.2 Fighting
 - Level 3.7 Short Blades
 + Level 6.9 Armour
 - Level 7.4 Dodging
 - Level 0.8 Stealth
 - Level 4.9 Shields
 * Level 14.6 Unarmed Combat
 + Level 11.9 Invocations
 - Level 3.0 Evocations


You had 13 spell levels left.
You didn't know any spells.
Your spell library contained the following spells:

 Spells                   Type           Power      Damage    Failure   Level
 Beastly Appendage        Tmut           0%         N/A       100%        1
 Corpse Rot               Necr/Air       0%         N/A       100%        2
 Passwall                 Tmut/Erth      0%         N/A       100%        2
 Poisonous Vapours        Pois/Air       0%         N/A       100%        2
 Wereblood                Tmut           0%         N/A       100%        2
 Call Canine Familiar     Summ           0%         N/A       100%        3
 Confusing Touch          Hex            0%         N/A       100%        3
 Spider Form              Tmut/Pois      0%         N/A       100%        3
 Stone Arrow              Conj/Erth      0%         3d7       100%        3
 Tukima's Dance           Hex            0%         N/A       100%        3
 Anguish                  Hex/Necr       0%         N/A       100%        4
 Animate Armour           Summ/Erth      0%         N/A       100%        4
 Dispel Undead            Necr           0%         3d6       100%        4
 Passage of Golubria      Tloc           0%         N/A       100%        4
 Yara's Violent Unravell  Hex/Tmut       0%         3d3       100%        5
 Death Channel            Necr           0%         N/A       100%        6
 Enfeeble                 Hex            0%         N/A       100%        7
 Lehudib's Crystal Spear  Conj/Erth      0%         10d2      100%        8


Dungeon Overview and Level Annotations

Branches:
Dungeon (13/15)            Temple (1/1) D:7            Lair (6/6) D:11
  Swamp (0/4) Lair:4       Spider (0/4) Lair:4        Slime (0/5) Lair:5
    Orc: D:9-12      Vaults: D:13-14

Altars:
Ashenzari
Cheibriados
Elyvilon
Fedhas
Gozag
Hepliaklqana
Makhleb
Qazlal
Ru
Sif Muna
Trog
Uskayaw
Vehumet
Xom
Zin
The Shining One

Shops:
D:6 (

Annotations:
D:5 1 runed translucent door, ouz's ghost, novice KoBr
D:13 Frances
Lair:4 exclusion: oklob plant
Lair:6 3 runed translucent doors, exclusion: oklob plant, skelma's ghost, journeyman DsMo


Innate Abilities, Weirdness & Mutations

You have sharp fingernails.
You are mostly covered in slimy green scales. (AC +3)
A meltable shield of frost defends you. (SH +4)
Spells you cast may paralyse adjacent enemies.


Message History

* * * LOW HITPOINT WARNING * * *
You block the starcursed mass's attack. x2; A starcursed mass splits.
The small abomination hits you but does no damage.
You mangle the starcursed mass!!
You destroy the starcursed mass!
That felt strangely unrewarding.
You feel better.
Unknown command.
Unknown command.
You scratch the starcursed mass.
You destroy the starcursed mass!
That felt strangely unrewarding.
The small abomination hits you but does no damage.
The starcursed mass touches you but does no damage. x2
A starcursed mass splits.
You scratch the starcursed mass but do no damage.
You scratch the starcursed mass but do no damage.
The small abomination hits you but does no damage.
You block the starcursed mass's attack.
The starcursed mass touches you but does no damage. x2
The starcursed mass touches you!
* * * LOW HITPOINT WARNING * * *
A deafening chorus of shrieks assaults your mind!
* * * LOW HITPOINT WARNING * * *
Unknown command.
You claw the starcursed mass!
You destroy the starcursed mass!
That felt strangely unrewarding.
You feel better. You block the starcursed mass's attack.
Unknown command.
You claw the starcursed mass!
You destroy the starcursed mass!
That felt strangely unrewarding.
You feel better. The small abomination hits you!
* * * LOW HITPOINT WARNING * * *
The starcursed mass touches you but does no damage.
You block the starcursed mass's attack.
The starcursed mass touches you but does no damage.
The starcursed mass touches you but does no damage.
The small abomination hits you.
You die...

..# #..._ .≈.
.....# #.##....§.
##......#..
##...#......
##...........
#..XXX.......
##.X...#... . #
##...@x.#......
.. #
#..............
#. .#
#..............
....
##....#.........
#..
#...............
#
#...##.........#.
. ###.
.#.###.......#. #
##.....###
##....... .. ...
...## #. # #.


You could see 4 starcursed masses and a small abomination.

Vanquished Creatures
  A fire dragon (Lair:6)
  A boulder beetle (Lair:6)
  Josephine (Lair:4)
  6 hydras
  4 two-headed ogres
  2 thrashing horrors (Abyss:2)
  Urug (D:12)
  A wretched star (Abyss:2)
  An orb spider (Lair:4)
  A lindwurm (Lair:6)
  Pikel (D:9)
  An oklob plant (D:11)
  A wolf spider (Lair:4)
  A cyclops (D:13)
  2 black mambas
  5 elephants (Lair:6)
  12 cane toads
  A gargoyle (D:11)
  Maggie (D:7)
  7 torpor snails
  An unseen horror (D:9)
  4 rime drakes
  6 komodo dragons
  4 kobold demonologists
  A hellwing (Abyss:2)
  An ancient zyme (Abyss:2)
  6 polar bears
  Prince Ribbit (D:6)
  2 tyrant leeches (Lair:6)
  12 hornets
  6 trolls
  A slime creature (shapeshifter) (D:10)
  13 blink frogs
  4 slime creatures
  A shadow (D:10)
  6 wyverns
  9 wraiths
  38 yaks
  3 basilisks
  3 small abominations (Abyss:2)
  A vampire mosquito (D:10)
  2 steam dragons
  Menkaure (D:6)
  An acid dragon (D:12)
  9 water moccasins
  An ice beast (D:6)
  2 orc warriors (D:11)
  An ogre (D:6)
  22 wolves
  A phantom (D:4)
  6 centaurs
  3 lemures (D:9)
  7 kobold brigands
  13 bullfrogs
  A necrophage (D:8)
  3 scorpions
  9 wights
  16 killer bees
  A howler monkey (D:10)
  3 jellies
  A quasit (Abyss:2)
  2 orc priests
  6 starcursed masses (Abyss:2)
  2 hounds (D:7)
  Crazy Yiuf (D:5)
  An iguana (D:5)
  11 orc wizards
  7 hell rats (Lair:4)
  7 gnolls
  25 adders
  A shadow imp (D:8)
  A white imp (D:8)
  An ufetubus (D:5)
  3 worms
  2 dart slugs (D:4)
  35 orcs
  5 ball pythons
  4 endoplasms
  3 giant cockroaches
  5 hobgoblins
  7 jackals
  15 kobolds
  4 quokkas
  3 training dummies (D:6)
  3 bats
  9 frilled lizards
  6 goblins
  7 rats
453 creatures vanquished.

Vanquished Creatures (collateral kills)
  Snorg (Lair:4)
  A hydra (Lair:2)
  A boulder beetle (Lair:5)
  A lindwurm (Lair:6)
  2 cane toads
  A komodo dragon (Lair:2)
  A tyrant leech (Lair:6)
  A wyvern (Lair:3)
  A yak (Lair:5)
  A black bear (D:6)
  An orc warrior (D:10)
  3 wolves (Lair:2)
  2 kobold brigands (D:10)
  An orc priest (D:10)
  2 orc wizards
  2 orcs
  2 hobgoblins
  A kobold (D:10)
25 creatures vanquished.

Vanquished Creatures (others)
  A two-headed ogre (D:10)
  A troll (D:10)
  A yak (Lair:1)
  A centaur (D:10)
  An iguana (D:5)
  An orc wizard (D:3)
  An adder (D:5)
  An orc (D:9)
  41 fungi
  A lurking horror (Abyss:2)
  114 plants
164 creatures vanquished.

Grand Total: 642 creatures vanquished

Notes
Turn   | Place    | Note
-------+----------+-------------------------------------------
     0 | D:1      | digdongdog the Demonspawn Artificer began the quest for the
                  | Orb.
     0 | D:1      | Reached XP level 1. HP: 15/15 MP: 1/1
   257 | D:1      | Found a faded altar of an unknown god.
   267 | D:1      | Reached skill level 1 in Dodging
   319 | D:1      | Noticed an eye of devastation
   319 | D:1      | Noticed a great orb of eyes
   326 | D:1      | Noticed a great orb of eyes
   371 | D:1      | Gained mutation: You are partially covered in slimy green
                  | scales. (AC +2) [demonic ancestry]
   371 | D:1      | Reached XP level 2. HP: 21/21 MP: 2/2
   463 | D:1      | Noticed a golden eye
   669 | D:1      | Reached skill level 1 in Short Blades
  1293 | D:2      | Reached XP level 3. HP: 25/27 MP: 3/3
  2374 | D:2      | Reached XP level 4. HP: 33/33 MP: 4/4
  2877 | D:3      | Reached XP level 5. HP: 37/39 MP: 5/5
  3950 | D:3      | Found a snail-covered altar of Cheibriados.
  4602 | D:4      | Noticed a phantom
  4606 | D:4      | Killed a phantom
  4607 | D:4      | Reached XP level 6. HP: 46/47 MP: 6/6
  5520 | D:5      | Entered Level 5 of the Dungeon
  6295 | D:5      | Gained mutation: You have sharp fingernails. [demonic
                  | ancestry]
  6295 | D:5      | Reached XP level 7. HP: 54/54 MP: 7/7
  6348 | D:5      | Reached skill level 1 in Unarmed Combat
  6517 | D:5      | Found a runed translucent door.
  6518 | D:5      | Noticed Crazy Yiuf
  6641 | D:5      | Killed Crazy Yiuf
  6717 | D:5      | Found a runed translucent door.
  6758 | D:5      | Noticed ouz's ghost (novice KoBr)
  7340 | D:6      | Noticed Prince Ribbit
  7344 | D:6      | Killed Prince Ribbit
  7345 | D:6      | Reached skill level 2 in Unarmed Combat
  7392 | D:6      | Reached skill level 5 in Fighting
  7392 | D:6      | Reached skill level 3 in Unarmed Combat
  7392 | D:6      | Gained mutation: A meltable shield of frost defends you.
                  | (SH +4) [demonic ancestry]
  7392 | D:6      | Reached XP level 8. HP: 62/62 MP: 8/8
  7483 | D:6      | Found Maum's Firing Range.
  7539 | D:6      | Found a blossoming altar of Fedhas.
  7545 | D:6      | Found a stormy altar of Qazlal.
  7545 | D:6      | Found a radiant altar of Vehumet.
  7752 | D:6      | Reached skill level 4 in Unarmed Combat
  7762 | D:6      | Noticed Menkaure
  7774 | D:6      | Killed Menkaure
  7775 | D:6      | Reached skill level 5 in Dodging
  7948 | D:6      | Identified the +0 chain mail "Corrypeg" {Harm rPois MP-9}
  8016 | D:6      | Identified the +8 hand axe "Coitt" {drain, Int+4 Dex+7}
  8298 | D:7      | Found a staircase to the Ecumenical Temple.
  8327 | Temple   | Entered the Ecumenical Temple
  8413 | Temple   | Became a worshipper of Makhleb the Destroyer
  8560 | D:7      | Reached skill level 5 in Unarmed Combat
  9765 | D:7      | Noticed Maggie
  9851 | D:7      | Killed Maggie
  9852 | D:7      | Reached skill level 6 in Unarmed Combat
  9852 | D:7      | Gained mutation: You are mostly covered in slimy green
                  | scales. (AC +3) [demonic ancestry]
  9852 | D:7      | Reached XP level 9. HP: 69/71 MP: 9/9
 10429 | D:8      | Found a bloodstained altar of Trog.
 10459 | D:7      | Reached skill level 7 in Unarmed Combat
 10910 | D:8      | Reached * piety under Makhleb
 11482 | D:9      | Noticed a troll
 11490 | D:9      | Killed a troll
 11491 | D:9      | Reached XP level 10. HP: 78/79 MP: 10/10
 11495 | D:9      | Got the Tome of Unstable Companions
 11581 | D:9      | Reached skill level 8 in Unarmed Combat
 11716 | D:9      | Noticed a two-headed ogre
 11729 | D:9      | Killed a two-headed ogre
 11970 | D:9      | Noticed Pikel
 12007 | D:9      | Killed Pikel
 12134 | D:9      | Found a sacrificial altar of Ru.
 12418 | D:10     | Entered Level 10 of the Dungeon
 12590 | D:8      | Reached skill level 1 in Invocations
 12835 | D:9      | Reached skill level 9 in Unarmed Combat
 13686 | D:10     | Noticed a two-headed ogre
 13699 | D:10     | Killed a two-headed ogre
 13752 | D:10     | Noticed a two-headed ogre
 13762 | D:10     | Killed a two-headed ogre
 14194 | D:10     | Reached XP level 11. HP: 87/87 MP: 14/14
 14202 | D:9      | Noticed a sixfirhy
 14804 | D:10     | Noticed a sun demon
 14804 | D:10     | Noticed a sun demon
 14805 | D:10     | Reached ** piety under Makhleb
 14811 | D:9      | Noticed a soul eater
 14819 | D:9      | Reached skill level 10 in Unarmed Combat
 16267 | D:10     | Reached skill level 5 in Invocations
 17067 | D:11     | Noticed a two-headed ogre
 17289 | D:11     | Noticed an oklob plant
 17405 | D:10     | Noticed a two-headed ogre
 17788 | D:11     | Killed a two-headed ogre
 17836 | D:11     | Noticed a boulder beetle
 18637 | D:10     | Noticed a swamp dragon
 18638 | D:10     | Noticed a two-headed ogre
 18638 | D:10     | a swamp dragon changed into a two-headed ogre
 18639 | D:10     | Noticed a lindwurm
 18639 | D:10     | a two-headed ogre changed into a lindwurm
 19265 | D:11     | Found a staircase to the Lair.
 19323 | D:12     | Found a radiant altar of Vehumet.
 19350 | D:12     | Noticed a seven-headed hydra
 19353 | D:12     | Reached skill level 1 in Shields
 19425 | D:12     | Noticed Urug
 19628 | Lair:1   | Entered Level 1 of the Lair of Beasts
 19658 | Lair:1   | Reached skill level 11 in Unarmed Combat
 20031 | Lair:1   | Reached *** piety under Makhleb
 20084 | Lair:1   | Reached XP level 12. HP: 97/97 MP: 17/17
 20636 | Lair:2   | Noticed a seven-headed hydra
 20645 | Lair:2   | Reached skill level 10 in Fighting
 20650 | Lair:2   | Killed a seven-headed hydra
 21511 | Lair:3   | Noticed an eight-headed hydra
 21521 | Lair:3   | Killed an eight-headed hydra
 21522 | Lair:3   | Reached skill level 12 in Unarmed Combat
 21642 | Lair:3   | Found a snail-covered altar of Cheibriados.
 22385 | Lair:4   | Found a hole to the Spider Nest.
 22418 | Lair:4   | Noticed Snorg
 22451 | Lair:4   | Killed Snorg
 22787 | Lair:4   | Found a staircase to the Swamp.
 22846 | Lair:4   | Noticed a five-headed hydra
 22857 | Lair:4   | Killed a five-headed hydra
 22911 | Lair:4   | Noticed a seven-headed hydra
 22921 | Lair:4   | Killed a seven-headed hydra
 22931 | Lair:4   | Gained mutation: Spells you cast may paralyse adjacent
                  | enemies. [demonic ancestry]
 22931 | Lair:4   | Reached XP level 13. HP: 57/105 MP: 20/20
 23151 | Lair:4   | Noticed Josephine
 23388 | Lair:4   | Killed Josephine
 23614 | Lair:4   | Identified a scroll of acquirement
 23615 | Lair:4   | Acquired the +5 plate armour of the Immovable Orbs {Dex+7}
 23646 | Lair:5   | Reached skill level 13 in Unarmed Combat
 23910 | Lair:5   | Reached **** piety under Makhleb
 24097 | Lair:5   | Reached skill level 5 in Armour
 24105 | Lair:5   | Reached skill level 10 in Invocations
 24373 | Lair:5   | Found a staircase to the Slime Pits.
 25545 | Lair:6   | Entered Level 6 of the Lair of Beasts
 26425 | Lair:6   | Reached skill level 14 in Unarmed Combat
 26799 | Lair:6   | Found a runed translucent gate.
 26800 | Lair:6   | Found a runed translucent gate.
 26801 | Lair:6   | Found a runed translucent gate.
 26957 | Lair:6   | Noticed skelma's ghost (journeyman DsMo)
 27659 | Lair:6   | Found a runed translucent door.
 27659 | Lair:6   | Noticed a fire dragon
 27923 | Lair:6   | Reached XP level 14. HP: 114/114 MP: 22/22
 27939 | Lair:6   | Reached ***** piety under Makhleb
 29461 | D:12     | Killed Urug
 29949 | D:13     | Noticed Frances
 30363 | D:13     | Cast into level 2 of the Abyss (a wizard)
 30366 | Abyss:2  | Found a corrupted altar of Lugonu.
 30638 | Abyss:2  | Noticed a starcursed mass
 30645 | Abyss:2  | Noticed a bone dragon
 30940 | Abyss:2  | Found a corrupted altar of Lugonu.
 30972 | Abyss:2  | Noticed a starcursed mass
 30978 | Abyss:2  | Paralysed by accursed screaming for 1 turns
 30979 | Abyss:2  | Found a corrupted altar of Lugonu.
 30991 | Abyss:2  | HP: 4/172 [starcursed mass/accursed screaming (8)]
 30993 | Abyss:2  | HP: 1/172 [small abomination (15)]
 30994 | Abyss:2  | Slain by a small abomination

Illustrated notes

Levels and vault maps discovered:
D:1:      minmay_arrival_nine_rooms, layout_loops_ring,
          hellmonk_ecumenical_altar_watching_god, patterned_corridor
D:2:      layout_basic, st_stairs_12
D:3:      layout_loops_corners, cheibrodos_worm_habitat, serial_bayou_pond_d
D:4:      layout_loops_ring, serial_rivers, chequers_serial_rivers_micro_c,
          chequers_serial_rivers_micro_a, chequers_serial_rivers_small_a,
          chequers_serial_rivers_small_b
D:5:      layout_loops_cross, ebering_ghost_reflecting_pool,
          uniq_crazy_yiuf_cottage
D:6:      layout_basic, chequers_temple_overflow_statue_of_worship,
          nicolae_shop_firing_range, uniq_menkaure, uniq_prince_ribbit1
D:7:      layout_cave_pods, minmay_temple_entry_mini_moons,
          minmay_misc_feat_tiny, uniq_maggie
D:8:      layout_cave_pools, nicolae_overflow_hidden_temple
D:9:      layout_irregular_city, nicolae_ru_awakened_eye, uniq_pikel
D:10:     layout_cave_pools, evilmike_minifort
D:11:     layout_cave_pods, dpeg_oklobed_lair, orc_0_dummy
D:12:     layout_loops_ring, vehumet_crystals, uniq_urug
D:13:     minmay_strange_plus, layout_basic, minmay_misc_feat_secret_circle,
          statue_in_the_mist_lemuel, nicolae_concentric_dashed_squares_wild,
          uniq_frances
Temple:   regret_index_temple_waves
Lair:1:   layout_regular_city, chequers_serial_rivers_micro_e,
          nicolae_lair_lil_pond
Lair:2:   layout_misc_corridors
Lair:3:   layout_cave_pods, kennysheep_snail_temple
Lair:4:   minmay_lair_venomous_thicket, layout_misc_corridors, swamp_mist,
          nicolae_spider_entry_orb_guardian, minmay_lair_oklob_bushes,
          serial_bayou_shore_b, uniq_snorg, uniq_josephine
Lair:5:   layout_regular_city, minmay_slime_entry_pillars, minivault_19,
          grunt_megastairs_2, lemuel_fruit_fields
Lair:6:   wormcave, layout_regular_city, gammafunk_ghost_necromancy,
          minmay_lair_oklob_items, chequers_serial_rivers_marsh,
          grunt_forest_small_clearing_treed, infiniplex_staircase_pool_2
Abyss:2:  base: D:11, hangedman_abyss_or_decor_stabs

Skill      XL: |  1  2  3  4  5  6  7  8  9 10 11 12 13 14 |
---------------+-------------------------------------------+-----
Dodging        | 1 2 3 4 5 6 7 |  7.4
Short Blades   | 1 2 3 |  3.7
Fighting       | 2 3 4 5 6 7 8 9 10 11 12 | 12.2
Unarmed Combat | 3 6 7 9 11 12 14 | 14.6
Armour         | 3 4 6 |  6.9
Invocations    | 4 7 9 11 | 11.9
Shields        | 2 4 |  4.9
Stealth        | |  0.8
Evocations     | |  3.0

Action                   |  1- 3 |  4- 6 |  7- 9 | 10-12 | 13-15 || total
-------------------------+-------+-------+-------+-------+-------++-------
Melee: Short sword       |   135 |   278 |   274 |       |       ||   687
       Club              |     8 |       |       |       |       ||     8
       Punch             |     3 |     2 |    14 |    10 |       ||    29
       Staff             |     6 |       |       |       |       ||     6
       Unarmed           |       |       |   117 |   866 |   841 ||  1824
Throw: Dart              |       |       |     2 |     7 |       ||     9
Invok: Minor Destruction |       |       |       |     1 |       ||     1
       Lesser Servant of |       |       |       |     5 |     8 ||    13
       Major Destruction |       |       |       |       |     1 ||     1
Evoke: Wand              |     6 |    22 |    32 |    43 |     6 ||   109
       Box of beasts     |       |       |       |     3 |     1 ||     4
  Use: Potion            |       |     3 |       |     7 |     5 ||    15
       Scroll            |       |       |     3 |    12 |    12 ||    27
 Stab: Paralysed         |       |       |     3 |    39 |       ||    42
       Distracted        |       |       |       |     1 |     1 ||     2
       Sleeping          |       |       |       |     1 |       ||     1
Armor: Leather armour    |     4 |       |       |       |       ||     4
       Ring mail         |    62 |    96 |   130 |   173 |       ||   461
       Troll leather arm |       |       |       |   100 |    27 ||   127
       Skin              |       |       |       |     1 |       ||     1
       Plate armour      |       |       |       |       |   449 ||   449
Dodge: Dodged            |    81 |   134 |   233 |   553 |   272 ||  1273
       Repelled          |       |     2 |     2 |       |       ||     4
Block: Other             |       |       |    43 |    64 |       ||   107
       Buckler           |       |       |       |   164 |   374 ||   538
       Orb               |       |       |       |    24 |       ||    24

Table legend: (Time is in decaauts)
 A = Elapsed time spent in this place.
 B = Non-inter-level travel time spent in this place.
 C = Inter-level travel time spent in this place.
 D = Time resting spent in this place.
 E = Time spent auto-exploring this place.
 F = Levels seen in this place.
 G = Mean time per level.
                   A        B        C        D        E       F      G
               +--------+--------+--------+--------+--------+-----+--------+
         Total |  30743 |  29575 |   1168 |   8997 |  15590 |  21 | 1464.0 |
       Dungeon |  20566 |  19677 |    889 |   6992 |   9622 |  13 | 1582.0 |
        Temple |    112 |     86 |     26 |      0 |     77 |   1 |  112.0 |
          Lair |   9452 |   9199 |    253 |   1637 |   5862 |   6 | 1575.3 |
         Abyss |    612 |    612 |      0 |    366 |     29 |   1 |  612.0 |
               +--------+--------+--------+--------+--------+-----+--------+

Top non-repeatable levels by time:
  Lair:6: 3544 daAuts
     D:9: 3073 daAuts
    D:10: 2526 daAuts
    D:11: 2053 daAuts
  Lair:5: 1902 daAuts
     D:6: 1779 daAuts
     D:4: 1681 daAuts
     D:2: 1595 daAuts
     D:3: 1573 daAuts
  Lair:4: 1466 daAuts
     D:7: 1407 daAuts
    D:12: 1263 daAuts
     D:8: 1245 daAuts
     D:5: 1191 daAuts
     D:1: 1083 daAuts
